 Seeded DCSS version 0.28-a0-1087-gf3fc490d9d (webtiles) character file.

Game seed: 20211204 (custom seed)

4265 croobank the Poker (level 10, -9/93 (98) HPs)
             Began as an Ogre Cinder Acolyte on Dec 10, 2021.
             Was an Initiate of Ignis.
             Mangled by a wight (13 damage)
             ... on level 9 of the Dungeon.
             The game lasted 01:27:32 (12931 turns).

croobank the Poker (Ogre Cinder Acolyte)           Turns: 12931, Time: 01:27:33

HP:   -9/93 (98)    AC: 20    Str: 22    XL:     10   Next: 31%
MP:   11/18         EV:  8    Int: 15    God:    Ignis [......]
Gold: 465           SH:  0    Dex:  8    Spells: 15/19 levels left

rFire   + . .      SeeInvis .   G - +7 spear (freeze)
rCold   . . .      Faith    .   (no shield)
rNeg    + . .      Spirit   .   j - +0 pearl dragon scales
rPois   .          Reflect  .   (helmet restricted)
rElec   .          Harm     .   (no cloak)
rCorr   .          Rampage  .   (gloves unavailable)
Will    +....                   (boots unavailable)
Stlth   ..........              h - amulet of magic regeneration
HPRegen 0.25/turn               (no ring)
MPRegen 0.56/turn               (no ring)

@: fiery-armoured, drained
A: large, unfitting armour, tough skin 1, strong 1
a: Renounce Religion, Rising Flame


You were on level 9 of the Dungeon.
You worshipped Ignis.
Ignis was noncommittal.
You visited 1 branch of the dungeon, and saw 9 of its levels.
You also visited: Sewer.

You collected 465 gold pieces.

Inventory:

Hand Weapons
 b - a +0 hunting sling
 e - a +2 dagger of speed
 i - a +0 hand axe
 F - a +0 battleaxe
 G - a +7 spear of freezing (weapon)
Missiles
 c - 74 sling bullets
 f - 6 javelins
 g - 198 stones
 k - 4 boomerangs
 n - 43 arrows
 q - a curare-tipped dart
 r - 117 bolts
 z - a throwing net
 A - 3 atropa-tipped darts (quivered)
Armour
 j - +0 pearl dragon scales (worn)
Jewellery
 h - an amulet of magic regeneration (around neck)
 v - an amulet of guardian spirit
 y - a ring of positive energy
Scrolls
 o - 4 scrolls of fog
 p - 2 scrolls of holy word
 w - a scroll of brand weapon
 B - a scroll of fear
 C - 2 scrolls of teleportation
 D - 2 scrolls of magic mapping
Potions
 a - 4 potions of brilliance
 l - 7 potions of degeneration
 s - a potion of curing
 t - a potion of might
 u - a potion of flight


   Skills:
 - Level 6.0 Fighting
 - Level 6.5(8.0) Axes
 + Level 7.0(8.2) Polearms
 - Level 1.0 Throwing
 - Level 5.2 Armour
 - Level 2.2 Dodging
 - Level 0.6 Stealth
 - Level 5.3 Spellcasting
 - Level 3.3 Translocations
 - Level 5.5 Fire Magic


You had 15 spell levels left.
You knew the following spells:

 Your Spells              Type           Power      Damage    Failure   Level
a - Scorch                Fire           40%        2d7       8%          2
b - Blink                 Tloc           26%        N/A       19%         2

Your spell library contained the following spells:

 Spells                   Type           Power      Damage    Failure   Level
 Shock                    Conj/Air       16%        1d4       43%         1
 Stone Arrow              Conj/Erth      8%         3d7       80%         3
 Swiftness                Air            4%         N/A       80%         3
 Manifold Assault         Tloc           13%        N/A       98%         5
 Airstrike                Air            2%         N/A       99%         4
 Animate Armour           Summ/Erth      8%         N/A       99%         4
 Storm Form               Tmut/Air       2%         N/A       100%        7
 Lehudib's Crystal Spear  Conj/Erth      2%         10d2      100%        8


Dungeon Overview and Level Annotations

Branches:
Dungeon (9/15)             Temple (0/1) D:4           Sewer (visited)
   Lair: D:8-11         Orc: D:9-12

Altars:
Makhleb
Sif Muna
Uskayaw
Wu Jian
Xom
Zin

Shops:
D:1 !   D:2 =   D:3 *   D:7 ?

Annotations:
D:7 2 transporters, Dazliare's ghost, novice SpMo


Innate Abilities, Weirdness & Mutations

You are too large for most types of armour.
You have tough skin. (AC +1)
Your muscles are strong. (Str +2)


Message History

Confirm with . or Enter, or press ? or * to list all spells.
Flames lash the wight.
The wight is burned terribly!
You destroy the wight!
Your base Polearms skill increases to level 7!
The centaur warrior screams, "Help!"
You climb downwards.
The wight hits you with a +4 battleaxe.
* * * LOW HITPOINT WARNING * * *
The wight is burned by your cloak of flames.
The wight is moderately damaged.
The wight barely misses you. The wight hits you but does no damage.
The wight is burned by your cloak of flames.
The wight is moderately damaged.
There is a stone staircase leading up, spattered with blood here.
Okay, then.
As you read the scroll of fear, it crumbles to dust.
You assume a fearsome visage.
The wight is unaffected. x4
The orc looks frightened!
The orc wizard looks frightened!
The orc looks frightened!
The wight hits you with a +4 battleaxe!
* * * LOW HITPOINT WARNING * * *
The wight is burned by your cloak of flames.
The wight is moderately damaged.
The wight hits you but does no damage.
The wight is burned by your cloak of flames.
The wight is moderately damaged.
The wight hits you but does no damage.
The wight is burned by your cloak of flames.
The wight is moderately damaged.
The orc wizard gestures wildly while chanting.
The orc wizard flickers and vanishes!
Deactivating autopickup; reactivate with Ctrl-A.
The wight hits you with a +2 battleaxe.
* * * LOW HITPOINT WARNING * * *
The wight is burned by your cloak of flames.
The wight is moderately damaged.
Okay, then.
Blink to where?
Press: ? - help, Dir - move target
As you read the scroll of blinking, it crumbles to dust.
The wight hits you with a +2 battleaxe!
You die...

###### #......
##........
#..........
#..........
#....o.....
#..........
#@.........
####zz......#
#.o.ยง.[......
#....<[......
#...z........
#.............
#..............
...#............
.###............


You could see 3 wights and an orc (fleeing).

Vanquished Creatures
  A two-headed ogre (D:8)
  Maggie (D:8)
  Prince Ribbit (D:5)
  Grinder (D:4)
  Sigmund (D:5)
  Menkaure (D:7)
  3 water moccasins
  2 sky beasts
  A black bear (D:6)
  A necrophage (D:6)
  2 phantoms
  2 bullfrogs (D:6)
  A kobold brigand (D:8)
  A scorpion (D:6)
  10 wights
  A crimson imp (D:5)
  A bullfrog zombie (D:7)
  4 hounds
  2 jellies
  3 orc priests (D:8)
  2 bullfrog skeletons
  7 orc wizards
  2 gnoll shamans
  An iguana (D:5)
  A killer bee zombie (D:5)
  2 hound skeletons (D:4)
  13 gnolls
  9 adders
  A river rat (D:4)
  4 white imps
  An ufetubus (D:4)
  5 worms
  4 dart slugs
  21 orcs
  15 endoplasms
  6 giant cockroaches
  7 goblins
  7 hobgoblins
  18 jackals
  7 quokkas
  4 ball pythons
  10 bats
  5 frilled lizards
  12 kobolds
  2 rats (D:1)
206 creatures vanquished.

Vanquished Creatures (collateral kills)
  3 wights (D:8)
3 creatures vanquished.

Vanquished Creatures (others)
  An orc (D:5)
  44 foxfires
45 creatures vanquished.

Grand Total: 254 creatures vanquished

Notes
Turn   | Place    | Note
-------+----------+-------------------------------------------
     0 | D:1      | croobank the Ogre Cinder Acolyte began the quest for the
                  | Orb.
     0 | D:1      | Reached XP level 1. HP: 24/24 MP: 2/2
    69 | D:1      | Found Waups's Distillery.
    78 | D:1      | Reached XP level 2. HP: 20/32 MP: 3/3
   786 | D:1      | Found a faded altar of an unknown god.
   832 | D:1      | Reached XP level 3. HP: 36/39 MP: 4/4
  1667 | D:2      | Gained mutation: You are dopey. (Int -2) [potion of
                  | mutation]
  1667 | D:2      | Gained mutation: You are agile. (Dex +2) [potion of
                  | mutation]
  1858 | D:2      | Reached XP level 4. HP: 24/48 MP: 5/5
  2260 | D:2      | Noticed a phantom
  2281 | D:2      | Found Joavi's Jewellery Emporium.
  2298 | D:2      | Killed a phantom
  2299 | D:2      | Reached skill level 1 in Armour
  2299 | D:2      | Reached skill level 1 in Dodging
  2299 | D:2      | Reached XP level 5. HP: 15/55 MP: 6/6
  2959 | D:3      | Found a glowing silver altar of Zin.
  2961 | D:3      | Found Zin's Purification Station.
  3051 | D:3      | Learned a level 2 spell: Scorch
  3054 | D:3      | Learned a level 2 spell: Blink
  3404 | D:3      | Reached XP level 6. HP: 60/63 MP: 8/8
  4060 | D:4      | Noticed Grinder
  4062 | D:4      | Paralysed by Grinder for 2 turns
  4080 | D:4      | Killed Grinder
  4081 | D:4      | Reached skill level 5 in Axes
  4081 | D:4      | Reached skill level 1 in Translocations
  4081 | D:4      | Reached XP level 7. HP: 41/71 MP: 8/10
  4321 | D:4      | Lost mutation: You are dopey. (Int -2) [potion of mutation]
  4321 | D:4      | Lost mutation: You are agile. (Dex +2) [potion of mutation]
  4321 | D:4      | Gained mutation: Your magical capacity is low. (-10% MP)
                  | [potion of mutation]
  4321 | D:4      | Gained mutation: Your body sometimes deteriorates upon
                  | taking damage. [potion of mutation]
  4321 | D:4      | Gained mutation: Your body often deteriorates upon taking
                  | damage. [potion of mutation]
  4322 | D:4      | Lost mutation: Your magical capacity is low. (-10% MP)
                  | [potion of mutation]
  4322 | D:4      | Lost mutation: Your body often deteriorates upon taking
                  | damage. [potion of mutation]
  4322 | D:4      | Lost mutation: Your body sometimes deteriorates upon taking
                  | damage. [potion of mutation]
  4322 | D:4      | Gained mutation: Your muscles are strong. (Str +2) [potion
                  | of mutation]
  4441 | D:4      | Found a glowing drain.
  4455 | Sewer    | Entered a sewer
  6391 | D:4      | Found a staircase to the Ecumenical Temple.
  6397 | D:4      | Reached skill level 5 in Fighting
  6952 | D:5      | Entered Level 5 of the Dungeon
  7314 | D:5      | Noticed Prince Ribbit
  7334 | D:5      | Noticed Sigmund
  7705 | D:5      | Killed Sigmund
  7706 | D:5      | Reached XP level 8. HP: 36/81 MP: 12/12
  7721 | D:5      | Killed Prince Ribbit
  8334 | D:4      | Reached skill level 1 in Throwing
  9047 | D:5      | Found a burning altar of Makhleb.
  9315 | D:6      | Reached skill level 5 in Fire Magic
  9414 | D:6      | Reached XP level 9. HP: 81/89 MP: 9/16
  9468 | D:6      | Reached skill level 5 in Spellcasting
  9694 | D:6      | Found an ornate altar of the Wu Jian Council.
  9704 | D:6      | Found a shimmering altar of Xom.
  9706 | D:6      | Found a hide-covered altar of Uskayaw.
 10373 | D:7      | Noticed Menkaure
 10382 | D:7      | Killed Menkaure
 10484 | D:7      | Found a shimmering blue altar of Sif Muna.
 10713 | D:7      | Found Nyuv's Magic Scroll Boutique.
 10871 | D:7      | Reached skill level 5 in Armour
 11110 | D:7      | Found a transporter.
 11111 | D:7      | Noticed Dazliare's ghost (novice SpMo)
 11112 | D:7      | Found a transporter.
 11113 | D:7      | Identified the +9 giant spiked club "Vafipeut" {vorpal,
                  | Drain rN+ rCorr Stlth+}
 11198 | D:8      | Reached skill level 1 in Polearms
 11225 | D:8      | Reached skill level 2 in Polearms
 11495 | D:8      | Noticed a two-headed ogre
 11527 | D:8      | Killed a two-headed ogre
 11528 | D:8      | Reached skill level 5 in Polearms
 11528 | D:8      | Reached XP level 10. HP: 27/98 MP: 14/18
 12102 | D:8      | Noticed Maggie
 12121 | D:8      | Killed Maggie
 12122 | D:8      | Reached skill level 6 in Polearms
 12913 | D:9      | Noticed a centaur warrior
 12926 | D:8      | Reached skill level 7 in Polearms
 12928 | D:9      | HP: 4/93 [wight (7)]
 12931 | D:9      | Mangled by a wight

Illustrated notes

Levels and vault maps discovered:
D:1:      dpeg_arrival_prison, layout_basic,
          hellmonk_ecumenical_altar_heavens_door, serial_shops, shop,
          minmay_split_cup_large
D:2:      layout_basic, serial_shops, nicolae_shop_advertising_works
          [nicolae_subvault_shop_adworks]
D:3:      layout_basic, zin_purify
D:4:      layout_basic, minmay_temple_entry_stoned_glass, gup_sewer_entry_bowl,
          uniq_grinder
D:5:      layout_basic, makhleb_grotto_becter, uniq_sigmund, uniq_prince_ribbit1
D:6:      layout_cave_pools, minitemple, kennysheep_generic_room_11
D:7:      wander_river, layout_basic, lemuel_tele_altar, gammafunk_ghost_smash,
          serial_shops, shop, uniq_menkaure
D:8:      layout_cave_pods, serial_park, serial_park_paths
          [serial_park_minivault_5x5_2], serial_park_tiny_2, serial_park_tiny_1,
          serial_park_avenue1, uniq_maggie
D:9:      layout_rooms, minmay_lair_entry_grove, minmay_misc_feat_rows,
          nicolae_concentric_dashed_squares_mild

Skill      XL: |  1  2  3  4  5  6  7  8  9 10 |
---------------+-------------------------------+-----
Fire Magic     | 3 4 5 |  5.5
Axes           | 4 5 6 |  6.5
Armour         | 1 2 5 |  5.2
Dodging        | 1 2 |  2.2
Spellcasting   | 2 3 4 5 |  5.3
Translocations | 1 2 3 |  3.3
Fighting       | 5 6 |  6.0
Throwing       | 1 |  1.0
Polearms       | 5 7 |  7.0
Stealth        | |  0.6

Action                   |  1- 3 |  4- 6 |  7- 9 | 10-12 || total
-------------------------+-------+-------+-------+-------++-------
Melee: Hand axe          |   136 |   170 |   378 |       ||   684
       Spear             |       |       |    20 |    22 ||    42
Throw: Boomerang         |     3 |       |       |       ||     3
       Dart              |       |       |     7 |       ||     7
       Javelin           |       |       |     2 |       ||     2
 Cast: Scorch            |       |     3 |   121 |    21 ||   145
       Blink             |       |       |     2 |       ||     2
Invok: Fiery Armour      |       |     2 |     2 |     1 ||     5
       Foxfire Swarm     |       |       |     4 |     1 ||     5
Evoke: Wand              |       |       |     5 |     1 ||     6
  Use: Scroll            |     3 |     4 |    12 |     5 ||    24
       Potion            |     3 |     2 |     8 |     1 ||    14
Armor: Robe              |    45 |       |       |       ||    45
       Pearl dragon scal |    40 |    77 |   355 |    33 ||   505
       Skin              |     3 |    44 |       |       ||    47
Dodge: Dodged            |    60 |    52 |   217 |    26 ||   355

Table legend: (Time is in decaauts)
 A = Elapsed time spent in this place.
 B = Non-inter-level travel time spent in this place.
 C = Inter-level travel time spent in this place.
 D = Time resting spent in this place.
 E = Time spent auto-exploring this place.
 F = Levels seen in this place.
 G = Mean time per level.
                   A        B        C        D        E       F      G
               +--------+--------+--------+--------+--------+-----+--------+
         Total |  13131 |  12875 |    256 |   3271 |   6848 |  10 | 1313.1 |
       Dungeon |  11226 |  10970 |    256 |   2129 |   6611 |   9 | 1247.3 |
         Sewer |   1904 |   1904 |      0 |   1142 |    236 |   1 | 1904.0 |
               +--------+--------+--------+--------+--------+-----+--------+

Top non-repeatable levels by time:
   Sewer: 1904 daAuts
     D:5: 1815 daAuts
     D:1: 1643 daAuts
     D:4: 1547 daAuts
     D:7: 1527 daAuts
     D:8: 1489 daAuts
     D:2: 1270 daAuts
     D:3: 1172 daAuts
     D:6: 747 daAuts
     D:9: 13 daAuts
